 Dungeon Crawl Stone Soup version 0.22.1-2-g9c5b331 (webtiles) character file.

150 Harpaggios the Changer (level 5, -3/39 HPs)
             Began as a Merfolk Transmuter on Dec 30, 2018.
             Was an Initiate of Sif Muna.
             Slain by Grinder (6 damage)
             ... on level 4 of the Dungeon.
             The game lasted 00:12:44 (2887 turns).

Harpaggios the Changer (Merfolk Transmuter)         Turns: 2887, Time: 00:12:45

Health: -3/39      AC:  2    Str:  9 (10) XL:     5   Next: 32%
Magic:  8/8        EV: 14    Int: 13      God:    Sif Muna [......]
Gold:   152        SH:  0    Dex: 15      Spells: 2/8 levels left

rFire    + + .     SeeInvis .     - Unarmed
rCold    . . .     Gourm    .   (no shield)
rNeg     . . .     Faith    +   b - +0 robe
rPois    .         Spirit   .   (no helmet)
rElec    .         Reflect  .   (no cloak)
rCorr    +         Harm     .   (no gloves)
MR       .....     Rnd*Rage +   (no boots)
Stlth    +.........             i - amulet of faith
HPRegen  0.13/turn              f - ring of resist corrosion
MPRegen  0.11/turn              (no ring)

@: no status effects
A: change form in water, swift swim, stealthy swim, berserk 1, fire resistance 2
a: Renounce Religion


You were on level 4 of the Dungeon.
You worshipped Sif Muna.
Sif Muna was noncommittal.
You were not hungry.

You visited 1 branch of the dungeon, and saw 4 of its levels.

You collected 152 gold pieces.

Inventory:

Missiles
 a - 25 arrows
Armour
 b - a +0 robe (worn)
Jewellery
 f - a ring of resist corrosion (left hand)
 i - an amulet of faith (around neck)
Wands
 c - a wand of acid (5)
Potions
 e - a potion of flight
Comestibles
 d - 7 rations
 g - 2 chunks of flesh


   Skills:
 + Level 2.5 Fighting
 + Level 3.9 Dodging
 + Level 4.1 Unarmed Combat
 - Level 2.0 Spellcasting
 * Level 4.9 Transmutations


You had 2 spell levels left.
You knew the following spells:

 Your Spells              Type           Power        Failure   Level  Hunger
a - Beastly Appendage     Tmut           ##....       3%          1    ##.....
b - Sticks to Snakes      Tmut           ##......     4%          2    ###....
c - Spider Form           Tmut/Pois      #.........   28%         3    ####...

Your spell library contained the following spells:

 Spells                   Type           Power        Failure   Level  Hunger
 Ice Form                 Ice/Tmut       #.......     67%         4    #####..
 Blade Hands              Tmut           ##........   67%         5    ######.


Dungeon Overview and Level Annotations

Branches:
Dungeon (4/15)
 Temple: D:4-7

Altars:
Ashenzari
Fedhas
Okawaru
Sif Muna
Zin

Annotations:
D:4 Grinder


Innate Abilities, Weirdness & Mutations

You revert to your normal form in water.
You are very nimble and swift while swimming.
You are very stealthy in the water. (Stealth+)
You tend to lose your temper in combat.
Your flesh is very heat resistant. (rF++)


Message History

Grinder misses you.
You closely miss Grinder. You headbutt Grinder!
Grinder is moderately wounded.
Grinder gestures at you.
You suddenly lose the ability to move!
Grinder hits you.
You writhe in agony.
Grinder gestures at you. Pain shoots through your body!
Grinder gestures at you.
You barely resist. Grinder hits you.
You writhe in agony.
Grinder barely misses you.
Your horns disappear.
Grinder says, "There's only one good use for a tongue: cutting it out."
Grinder blinks!
You can move again.
Grinder hits you!
* * * LOW HITPOINT WARNING * * *
You writhe in agony.
You die...

<..........#
..........
........ ......
#.... ###...
##)#....######
......5@.ยง...#
.#.#[##.####.#
#.#<.# #.##.#
#.##.# #.##.#
#....# ######


You could see Grinder.

Vanquished Creatures
  A hound skeleton (D:3)
  4 adders
  4 oozes
  2 dart slugs
  A leopard gecko (D:3)
  2 orcs (D:3)
  5 giant cockroaches
  7 goblins
  9 hobgoblins
  2 jackals (D:2)
  2 kobolds
  2 quokkas (D:2)
  A ball python (D:3)
  12 bats
  3 frilled lizards
  9 rats
66 creatures vanquished.

Vanquished Creatures (collateral kills)
  2 adders (D:2)
2 creatures vanquished.

Grand Total: 68 creatures vanquished

Notes
Turn   | Place    | Note
-------+----------+-------------------------------------------
     0 | D:1      | Harpaggios the Merfolk Transmuter began the quest for the
                  | Orb.
     0 | D:1      | Reached XP level 1. HP: 15/15 MP: 3/3
    75 | D:1      | Reached XP level 2. HP: 21/21 MP: 5/5
   225 | D:1      | Reached XP level 3. HP: 21/26 MP: 6/6
   786 | D:2      | Learned a level 2 spell: Sticks to Snakes
  1138 | D:2      | Reached XP level 4. HP: 21/33 MP: 7/7
  1461 | D:2      | Found a deep blue altar of Sif Muna.
  1496 | D:2      | Became a worshipper of Sif Muna the Loreminder
  1766 | D:2      | Gained mutation: You tend to lose your temper in combat.
                  | [potion of mutation]
  1766 | D:2      | Gained mutation: Your flesh is heat resistant. (rF+)
                  | [potion of mutation]
  1766 | D:2      | Gained mutation: Your flesh is very heat resistant. (rF++)
                  | [potion of mutation]
  1949 | D:3      | Found an iron altar of Okawaru.
  1973 | D:3      | Learned a level 3 spell: Spider Form
  2054 | D:3      | Found a blossoming altar of Fedhas.
  2065 | D:3      | Found a glowing silver altar of Zin.
  2088 | D:3      | Found a shattered altar of Ashenzari.
  2187 | D:3      | Reached XP level 5. HP: 27/39 MP: 8/8
  2873 | D:4      | Noticed Grinder
  2880 | D:4      | Paralysed by Grinder for 7 turns
  2887 | D:4      | Slain by Grinder

Skill      XL: |  1  2  3  4 |
---------------+-------------+-----
Transmutations | 3 4 |  4.9
Dodging        | 3 |  3.9
Fighting       | 2 |  2.5
Unarmed Combat | 4 |  4.1
Spellcasting   | |  2.0

Action                   |  1- 3 |  4- 6 || total
-------------------------+-------+-------++-------
Melee: Unarmed           |    95 |   134 ||   229
       Punch             |     1 |     1 ||     2
       Headbutt          |     8 |    12 ||    20
 Cast: Beastly Appendage |     9 |    14 ||    23
       Sticks to Snakes  |     2 |       ||     2
  Use: Potion            |     6 |     5 ||    11
       Scroll            |       |     5 ||     5
 Stab: Sleeping          |     1 |     1 ||     2
  Eat: Chunk             |     1 |     6 ||     7
Armor: Robe              |    17 |    29 ||    46
Dodge: Dodged            |    63 |    89 ||   152
